 Dungeon Crawl Stone Soup version 0.29.1-15-g9cfb28693d (webtiles) character file.

Game seed: 17517922558650147521

2727 Wiggles the Severer (level 9, -2/105 HPs)
             Began as a Minotaur Berserker on Mar 28, 2023.
             Was an Elder of Trog.
             Succumbed to a hornet's poison
             ... on level 7 of the Dungeon.
             The game lasted 00:11:44 (6462 turns).

Wiggles the Severer (Minotaur Berserker)            Turns: 6462, Time: 00:11:44

Health: -2/105     AC: 17    Str: 26    XL:     9   Next: 40%
Magic:  1/8        EV:  7    Int:  4    God:    Trog [****..]
Gold:   400        SH:  0    Dex: 10    Spells: 8/8 levels left

rFire   . . .      SeeInvis .   t - +5 war axe (vorpal)
rCold   . . .      Faith    .   (no shield)
rNeg    . . .      Spirit   .   E - +0 plate armour
rPois   .          Reflect  .   (helmet restricted)
rElec   .          Harm     .   j - +2 cloak
rCorr   .          Rampage  .   c - +2 pair of gloves {infuse}
Will    .....                   (no boots)
Stlth   ..........              v - amulet of regeneration
HPRegen 1.07/turn               (no ring)
MPRegen 0.11/turn               (no ring)

@: berserking, lethally poisoned (-2 -> -13), weakened, slowed
A: horns 2, retaliatory headbutt
a: Renounce Religion, Berserk, Trog's Hand, Brothers in Arms


You were on level 7 of the Dungeon.
You worshipped Trog.
Trog was greatly pleased with you.
You visited 1 branch of the dungeon, and saw 7 of its levels.

You collected 400 gold pieces.

Inventory:

Hand Weapons
 t - a +5 vorpal war axe (weapon)
Armour
 b - a scarf of resistance
 c - a +2 pair of gloves of infusion (worn)
 j - a +2 cloak (worn)
 E - a +0 plate armour (worn)
Jewellery
 k - a ring of protection from fire
 v - an amulet of regeneration (around neck)
 x - an amulet of the acrobat
 y - a ring of willpower
Wands
 o - a wand of mindburst (6)
 u - a wand of polymorph (7)
 A - a wand of flame (10)
Scrolls
 g - 2 scrolls of amnesia
 h - 3 scrolls of fear
 l - 2 scrolls of fog
 z - a scroll of silence
Potions
 a - 5 potions of flight
 d - a potion of mutation {unknown}
 e - 2 potions of lignification {unknown}
 f - a potion of brilliance
 i - 5 potions of curing
 m - 2 potions of heal wounds {unknown}
 p - a potion of might
 r - a potion of berserk rage {unknown}
 s - 2 potions of haste
 w - 5 potions of attraction


   Skills:
 - Level 3.6 Fighting
 + Level 15.3 Axes
 - Level 2.4 Armour
 - Level 2.1 Dodging
 + Level 1.5 Stealth


You had 8 spell levels left.
You didn't know any spells.
Your spell library was empty.

Dungeon Overview and Level Annotations

Branches:
Dungeon (7/15)             Temple (0/1) D:4

Altars:
Cheibriados
Kikubaaqudgha
Okawaru
Uskayaw
Zin

Shops:
D:2 =   D:4 *


Innate Abilities, Weirdness & Mutations

You have a pair of horns on your head.
You reflexively headbutt those who attack you in melee.


Message History

You feel yourself moving faster!
You feel mighty!
You feel very sick.
The hornet stings you but does no damage.
The gnoll bouda barks out a call to the hunt!
The gnolls pick up the pace!
The gnoll completely misses you. You furiously retaliate!
You headbutt the gnoll.
The gnoll hits you from afar with a +0 halberd.
* * * LOW HITPOINT WARNING * * *
The hornet stings you!
* * * LOW HITPOINT WARNING * * *
You are lethally poisoned!
You feel as though you will be slow longer.
You hit the hornet.
The hornet is lightly wounded.
You slash the gnoll bouda! You slash the gnoll!
* * * LOW HITPOINT WARNING * * *
You feel very sick.
The hornet stings you but does no damage.
The gnoll bouda gazes fiercely through you!
You feel as though you will be weak longer.
The gnoll bouda hits you but does no damage.
The gnoll hits you from afar with a +0 halberd.
* * * LOW HITPOINT WARNING * * *
The gnoll hits you but does no damage.
You hit the hornet.
The hornet is lightly wounded.
You hit the gnoll bouda.
You kill the gnoll bouda!
Trog accepts your kill.
You barely miss the gnoll.
* * * LOW HITPOINT WARNING * * *
You feel very sick. The hornet barely misses you. You furiously retaliate!
You headbutt the hornet. You hit the hornet. Your headbutt misses the hornet.
The hornet is heavily wounded.
You slash the gnoll!
You kill the gnoll!
Trog accepts your kill.
You die...

####.................
#.........###.....
#.........##......
#.........##.##.#.
##########'####.##...
#.......##.####.##...
#.......##...........
#.......'..........#.
#..)@...#..####.##.#.
#..)y...#.......##.##
.......g)......######.##
...................<....
..............########.#
.............## #.#
...#########.### #.# ...
#..)....# #.#
########.###.#.#######.#


You could see a hornet and a gnoll (swift).

Vanquished Creatures
  A shadow (D:6)
  Edmund (D:4)
  Menkaure (D:5)
  2 ice beasts (D:6)
  A sky beast (D:7)
  3 black bears
  2 ogres
  2 centaurs
  A bullfrog (D:7)
  5 necrophages
  2 scorpions (D:6)
  5 hounds
  5 orc priests
  2 gnoll boudas (D:7)
  3 jellies (D:5)
  5 iguanas
  6 orc wizards
  6 gnolls (D:7)
  4 adders
  3 shadow imps
  2 white imps
  2 worms
  3 dart slugs (D:3)
  27 orcs
  8 endoplasms
  3 giant cockroaches
  8 goblins
  2 hobgoblins
  2 jackals (D:1)
  3 quokkas (D:1)
  10 ball pythons
  7 bats
  3 frilled lizards
  8 kobolds
  9 rats
  A bush (D:6)
158 creatures vanquished.

Notes
Turn   | Place    | Note
-------+----------+-------------------------------------------
     0 | D:1      | Wiggles the Minotaur Berserker began the quest for the Orb.
     0 | D:1      | Reached XP level 1. HP: 19/19 MP: 0/0
   211 | D:1      | Reached skill level 4 in Axes
   297 | D:1      | Reached XP level 2. HP: 26/26 MP: 1/1
  1052 | D:2      | Reached skill level 5 in Axes
  1208 | D:2      | Reached XP level 3. HP: 31/31 MP: 2/2
  1349 | D:2      | Found a faded altar of an unknown god.
  1493 | D:2      | Found Dyrphip's Jewellery Emporium.
  1813 | D:3      | Reached ** piety under Trog
  1879 | D:3      | Reached skill level 6 in Axes
  1879 | D:3      | Reached XP level 4. HP: 39/39 MP: 0/3
  2877 | D:3      | Reached skill level 7 in Axes
  2877 | D:3      | Reached XP level 5. HP: 40/45 MP: 0/4
  3076 | D:4      | Identified the +6 sling "Yfeqebbi" {venom, rC+}
  3144 | D:4      | Reached *** piety under Trog
  3145 | D:4      | Reached skill level 8 in Axes
  3192 | D:4      | Found Icky's General Store.
  3199 | D:4      | Reached XP level 6. HP: 36/51 MP: 2/5
  3367 | D:4      | Found a staircase to the Ecumenical Temple.
  3419 | D:4      | Noticed Edmund
  3429 | D:4      | Killed Edmund
  3430 | D:4      | Reached skill level 9 in Axes
  3666 | D:5      | Entered Level 5 of the Dungeon
  3717 | D:5      | Noticed Menkaure
  3793 | D:5      | Killed Menkaure
  3794 | D:5      | Reached skill level 10 in Axes
  3794 | D:5      | Reached XP level 7. HP: 26/57 MP: 3/6
  4010 | D:5      | Reached skill level 1 in Stealth
  4048 | D:5      | Reached skill level 11 in Axes
  4182 | D:5      | Reached XP level 8. HP: 56/64 MP: 2/7
  4321 | D:5      | Reached skill level 12 in Axes
  4876 | D:6      | Reached skill level 13 in Axes
  5306 | D:6      | Reached skill level 14 in Axes
  5337 | D:6      | Reached XP level 9. HP: 70/70 MP: 0/8
  5438 | D:6      | Found an ancient bone altar of Kikubaaqudgha.
  5441 | D:6      | Reached **** piety under Trog
  5453 | D:6      | Found a snail-covered altar of Cheibriados.
  5830 | D:6      | Found a glowing silver altar of Zin.
  6038 | D:7      | Reached skill level 15 in Axes
  6144 | D:7      | Found an iron altar of Okawaru.
  6383 | D:7      | Found a hide-covered altar of Uskayaw.
  6460 | D:7      | HP: 5/105 [poisoned by a hornet]
  6461 | D:7      | HP: 1/105 [poisoned by a hornet]
  6462 | D:7      | Succumbed to a hornet's poison

Illustrated notes

Levels and vault maps discovered:
D:1:      kennysheep_arrival_seaside, layout_basic, hex_medium,
          hangedman_decor_growths, hangedman_decor_clover_reticule
D:2:      layout_basic, shapermc_ecumenical_altar_ellora, serial_shops, shop
D:3:      minmay_chambers_of_threes, layout_loops_cross
D:4:      layout_rooms, minmay_temple_entry_poolview, serial_shops,
          nicolae_shop_hallway_plus, uniq_edmund
D:5:      wad_pebble_path, layout_rooms, enter_ossuary_5, uniq_menkaure
D:6:      layout_cave_pools, nicolae_kikubaaqudgha_miasma_corner,
          cheibriados_altar_1, zin_statuary, chequers_serial_rivers_micro_c,
          kb_lookout_dungeons_type, minmay_misc_feat_x
D:7:      layout_basic, okawaru_gym_becter, kennysheep_little_box,
          amethyst_killhole

Skill      XL: |  1  2  3  4  5  6  7  8  9 |
---------------+----------------------------+-----
Axes           | 4 5 6 7 8 10 11 14 15 | 15.3
Stealth        | 1 |  1.5
Fighting       | |  3.6
Armour         | |  2.4
Dodging        | |  2.1

Action                   |  1- 3 |  4- 6 |  7- 9 || total
-------------------------+-------+-------+-------++-------
Melee: Hand axe          |    91 |    60 |       ||   151
       Headbutt          |    14 |    11 |    29 ||    54
       War axe           |       |    49 |   169 ||   218
       Punch             |       |       |     2 ||     2
Invok: Berserk           |       |     3 |     2 ||     5
  Use: Scroll            |       |       |    24 ||    24
Armor: Ring mail         |     5 |       |       ||     5
       Scale mail        |    21 |       |       ||    21
       Chain mail        |    14 |    65 |    25 ||   104
       Plate armour      |       |       |    68 ||    68
Dodge: Dodged            |    51 |    53 |    54 ||   158
